 Dungeon Crawl Stone Soup version 0.17-a0-1504-gb7d9117 (webtiles) character file.

417 namelastname112 the Slasher (level 6, -1/51 HPs)
             Began as a Draconian Skald on July 9, 2015.
             Killed from afar by an orc wizard (6 damage)
             ... with a puff of flame
             ... on level 4 of the Dungeon.
             The game lasted 00:09:35 (4576 turns).

namelastname112 the Slasher (Draconian Skald)       Turns: 4576, Time: 00:09:35

Health: -1/51      AC:  9    Str: 15    XL:     6   Next: 61%
Magic:  12/12      EV: 12    Int: 12    God:
Gold:   109        SH:  0    Dex: 12    Spells: 3 memorised, 6 levels left

rFire  . . .     SeeInvis .     n - +0 long sword
rCold  . . .     Clarity  .     (armour unavailable)
rNeg   . . .     SustAt   .     (no shield)
rPois  +         Gourm    .     (helmet restricted)
rElec  .         Spirit   .     (no cloak)
rCorr  .         Warding  .     (no gloves)
rMut   .         Stasis   .     w - +2 pair of boots
MR     .....                    (no amulet)
Stlth  +.........               (no ring)
                                q - ring of poison resistance

@: not resistant to hostile enchantments, very unstealthy
A: unfitting armour, cold-blooded, AC +6
a: no special abilities


You were on level 4 of the Dungeon.
You were hungry.

You visited 1 branch of the dungeon, and saw 4 of its levels.

You collected 109 gold pieces.

Inventory:

Hand weapons
 a - a +0 falchion
 n - a +0 long sword (weapon)
Armour
 w - a +2 pair of boots (worn)
Jewellery
 q - a ring of poison resistance (left hand)
 v - an uncursed amulet of resist mutation {unknown}
Magical devices
 m - a wand of draining (10)
Scrolls
 d - a scroll of noise {unknown}
 e - a scroll of remove curse
 h - a scroll of magic mapping {unknown}
 i - 3 scrolls of recharging {unknown}
 k - a scroll of fog {unknown}
 l - 2 scrolls of enchant weapon {unknown}
 r - 4 scrolls of random uselessness {unknown}
 s - a scroll of fear {unknown}
 t - 2 scrolls of immolation {unknown}
 u - a scroll of blinking {unknown}
 x - a scroll of identify {unknown}
Potions
 f - a potion of curing {unknown}
 p - 3 potions of flight {unknown}
 A - a potion of degeneration {unknown}
Books
 b - a book of Battle

   Spells                             Type                      Level
   a - Infusion                       Charms                       1
   b - Shroud of Golubria             Charms/Translocation         2
   c - Song of Slaying                Charms                       2
   d - Spectral Weapon                Hexes/Charms                 3
   e - Regeneration                   Charms/Necromancy            3
 o - a book of the Sky

   Spells                             Type                      Level
   a - Summon Lightning Spire         Summoning/Air                4
   b - Airstrike                      Air                          4
   c - Silence                        Hexes/Air                    5
   d - Deflect Missiles               Charms/Air                   6
   e - Conjure Ball Lightning         Conjuration/Air              6
   f - Tornado                        Air                          9
Comestibles
 c - 3 bread rations
 g - 4 fruits
 j - 3 beef jerkies
 z - a meat ration


   Skills:
 + Level 3.5 Fighting
 + Level 4.4 Long Blades
 + Level 2.6 Dodging
 + Level 4.1 Spellcasting
 - Level 2.6 Charms


You had 6 spell levels left.
You knew the following spells:

 Your Spells              Type           Power        Failure   Level  Hunger
a - Infusion              Chrm           #.....       10%         1    None
b - Regeneration          Chrm/Necr      #.........   43%         3    ###....
c - Spectral Weapon       Hex/Chrm       #.......     43%         3    ###....


Dungeon Overview and Level Annotations

Branches:
Dungeon (4/15)
 Temple: D:4-7

Altars:
Fedhas
Okawaru
Sif Muna

Annotations:
D:4 MordorOrchid's ghost, experienced OgFE


Innate Abilities, Weirdness & Mutations

Your plain brown scales are hard (AC +6).
Your body does not fit into most forms of armour.
You are cold-blooded and may be slowed by cold attacks.


Message History

The phantom is severely damaged.
The phantom hits you.
The phantom blinks!
The orc wizard gestures at you while chanting.
The puff of flame hits you!
* * * LOW HITPOINT WARNING * * *
The orc wizard gestures at you while chanting.
You are confused.
You bump into the rock wall.
The orc wizard gestures at you while chanting.
The puff of flame hits you!
You feel less confused. The orc wizard casts a spell at you.
The puff of flame hits you!
* * * LOW HITPOINT WARNING * * *
The orc wizard gestures at you while chanting.
The magic dart hits you!
* * * LOW HITPOINT WARNING * * *
The orc wizard points at you and mumbles some strange words.
The puff of flame hits you!
You die...

############ ###
#<..@......# #..
#.########o########.#
#.# #............#
#.# #.#.########.#
#.# #.#o# ######.#
#.# #.#.# #.......
#.######.#o# #.####..
#........#.# #.# #..
#######.#.###.####..


You could see an orc wizard.

Vanquished Creatures
  The ghost of namelastname112 the Magician, an average DrSk (D:3)
  An orc priest (D:3)
  2 orc wizards (D:3)
  A hound skeleton (D:4)
  7 adders
  5 gnolls
  2 oozes
  2 worms (D:2)
  2 giant geckos (D:2)
  10 orcs
  4 giant cockroaches
  13 hobgoblins
  11 jackals
  4 kobolds
  3 quokkas
  7 bats
  6 giant newts
  11 goblins
  11 rats
103 creatures vanquished.

Vanquished Creatures (others)
  4 spectral weapons
4 creatures vanquished.

Grand Total: 107 creatures vanquished

Notes
Turn   | Place    | Note
--------------------------------------------------------------
     0 | D:1      | namelastname112 the Draconian Skald began the quest for the Orb.
     0 | D:1      | Reached XP level 1. HP: 17/17 MP: 3/3
   299 | D:1      | Reached XP level 2. HP: 15/24 MP: 5/5
   315 | D:1      | HP: 1/24 [jackal (1)]
   899 | D:1      | Reached XP level 3. HP: 25/29 MP: 7/7
  1218 | D:1      | Reached skill level 3 in Long Blades
  1317 | D:2      | Found an iron altar of Okawaru.
  1671 | D:2      | Learned a level 3 spell: Regeneration
  1675 | D:2      | Learned a level 3 spell: Spectral Weapon
  1683 | D:2      | Found a deep blue altar of Sif Muna.
  1776 | D:2      | Reached XP level 4. HP: 29/36 MP: 8/8
  2838 | D:3      | Reached XP level 5. HP: 41/41 MP: 10/10
  2906 | D:3      | Reached skill level 4 in Long Blades
  3639 | D:3      | Noticed namelastname112's ghost (average DrSk)
  3667 | D:3      | Killed namelastname112's ghost
  3667 | D:3      | Reached XP level 6. HP: 31/51 MP: 6/12
  4225 | D:4      | Found a blossoming altar of Fedhas.
  4225 | D:4      | Noticed MordorOrchid's ghost (experienced OgFE)
  4576 | D:4      | Killed from afar by an orc wizard

Vault maps used:
D:1:      minmay_arrival_widening_spiral_narrow
D:2:      led_sif_pool, okawaru_gym_becter
D:3:      kennysheep_the_goblin_king, bh_walls_and_bars
D:4:      wad_crossroads, fedhas_altar_1, uniq_grinder, uniq_edmund,
          uniq_eustachio

Action                   |  1- 3 |  4- 6 || total
-------------------------+-------+-------++-------
Melee: Falchion          |   160 |    13 ||   173
       Long sword        |       |   185 ||   185
 Cast: Infusion          |     1 |       ||     1
       Spectral Weapon   |       |    11 ||    11
  Use: Scroll            |     2 |       ||     2
 Stab: Sleeping          |     1 |     1 ||     2
  Eat: Chunk             |     2 |    11 ||    13
